 Dungeon Crawl Stone Soup version 0.16.1-2-g95b8d4c (webtiles) character file.

746 Ololoev the Slicer (level 8, 0/43 HPs)
             Began as a Kobold Artificer on Mar 25, 2015.
             Slain by Grujah's ghost (9 damage)
             ... on level 4 of the Dungeon.
             The game lasted 00:16:36 (4693 turns).

Ololoev the Slicer (Kobold Artificer)               Turns: 4693, Time: 00:16:37

Health: 0/43       AC:  7    Str: 12    XL:     8   Next: 5%
Magic:  17/17      EV: 14    Int: 10    God:
Gold:   157        SH:  0    Dex: 16    Spells: 0 memorised, 7 levels left

rFire  . . .     SeeInvis .     C - +2 dagger (speed)
rCold  . . .     Clarity  +     e - +0 leather armour
rNeg   . . .     SustAb   .     (no shield)
rPois  +         Gourm    .     y - +0 helmet
rElec  .         Spirit   .     d - +2 cloak {rPois}
rCorr  .         Warding  .     (no gloves)
rMut   .         Stasis   .     (no boots)
MR     .....                    s - amulet of clarity
Stlth  ++........               (no ring)
                                p - ring of flight

@: not resistant to hostile enchantments, unstealthy
A: carnivore 3
a: Evoke Flight


You were on level 4 of the Dungeon.
You were very full.

You visited 1 branch of the dungeon, and saw 4 of its levels.

You collected 157 gold pieces.

Notes
Turn   | Place    | Note
--------------------------------------------------------------
     0 | D:1      | Ololoev, the Kobold Artificer, began the quest for the Orb.
     0 | D:1      | Reached XP level 1. HP: 12/12 MP: 1/1
   228 | D:1      | Reached XP level 2. HP: 16/16 MP: 3/3
   269 | D:1      | Reached skill level 4 in Evocations
   764 | D:1      | Reached XP level 3. HP: 17/20 MP: 5/5
  1438 | D:2      | Reached XP level 4. HP: 25/25 MP: 7/7
  2175 | D:2      | Reached skill level 5 in Evocations
  2175 | D:2      | Reached XP level 5. HP: 11/29 MP: 9/9
  2674 | D:3      | Noticed Crazy Yiuf
  2697 | D:3      | Noticed Crazy Yiuf
  2697 | D:3      | Crazy Yiuf changed into Crazy Yiuf the two-headed ogre
  2712 | D:3      | Killed Crazy Yiuf the two-headed ogre
  2712 | D:3      | Reached skill level 6 in Short Blades
  2712 | D:3      | Reached XP level 6. HP: 16/34 MP: 10/12
  2975 | D:3      | Noticed Sigmund
  3147 | D:3      | Noticed Natasha
  3158 | D:3      | Killed Natasha
  3239 | D:3      | Noticed Terence
  3252 | D:3      | Reached XP level 7. HP: 38/38 MP: 14/14
  3271 | D:3      | Killed Terence
  3271 | D:3      | Reached skill level 7 in Short Blades
  3559 | D:3      | Noticed Natasha
  3570 | D:3      | Killed Natasha
  3637 | D:3      | Noticed Natasha
  3669 | D:3      | Killed Natasha
  3682 | D:3      | Noticed Robin
  3695 | D:3      | Killed Robin
  4005 | D:3      | Noticed Sigmund
  4005 | D:3      | Sigmund changed into Sigmund the giant frog
  4009 | D:3      | Killed Sigmund the giant frog
  4419 | D:4      | Reached skill level 8 in Short Blades
  4520 | D:4      | Noticed Prince Ribbit
  4526 | D:4      | Killed Prince Ribbit
  4526 | D:4      | Reached XP level 8. HP: 3/43 MP: 17/17
  4653 | D:4      | Noticed Grujah's ghost (average HOFi)
  4693 | D:4      | Slain by Grujah's ghost

Inventory:

Hand weapons
 C - a +2 dagger of speed (weapon)
Armour
 d - a +2 cloak of poison resistance (worn)
 e - a +0 leather armour (worn)
 y - a +0 helmet (worn)
Jewellery
 m - an uncursed ring of ice
 p - a ring of flight (left hand)
 s - an amulet of clarity (around neck)
Magical devices
 b - a wand of frost (0)
 c - a wand of enslavement (9)
 v - a wand of digging (11)
 x - a wand of cold (0)
Scrolls
 g - a scroll of identify
 h - a scroll of blinking {unknown}
 j - 4 scrolls of remove curse
 k - a scroll of enchant weapon {unknown}
 q - a scroll of fog
 r - 2 scrolls of immolation
 t - a scroll of recharging {unknown}
 u - a scroll of amnesia {unknown}
Potions
 l - a potion of might {unknown}
 n - a potion of magic {unknown}
 o - a potion of heal wounds {unknown}
 w - a potion of mutation {unknown}
 z - a potion of restore abilities {unknown}
 B - 2 potions of brilliance {unknown}
Comestibles
 f - 3 meat rations
 i - 2 beef jerkies
 A - 4 chunks of flesh

Table legend:
 A = Turns spent in this place as a percentage of turns spent in the entire game.
 B = Non-inter-level travel turns spent in this place as a percentage of non-inter-level travel turns spent in the entire game.
 C = Inter-level travel turns spent in this place as a percentage of turns spent in this place.
 D = Turns resting spent in this place as a percentage of non-inter-level travel turns spent in this place.
 E = Turns spent auto-exploring this place as a percentage of non-inter-level travel turns spent in this place.
 F = Non-inter-level travel turns spent in this place divided by the number of levels of this place that you've seen.
                   A       B       C       D       E      F
               +-------+-------+-------+-------+-------+----------------------
         Total | 100.0 | 100.0 |   0.6 |   5.2 |   7.0 | 348.5
       Dungeon | 100.0 | 100.0 |   0.6 |   5.2 |   7.0 | 348.5
               +-------+-------+-------+-------+-------+----------------------


   Skills:
 + Level 1.1 Fighting
 * Level 8.9 Short Blades
 + Level 2.4 Dodging
 - Level 1.3 Stealth
 + Level 7.4 Evocations


You had 7 spell levels left.
You didn't know any spells.

Dungeon Overview and Level Annotations

Branches:
Dungeon (4/15)
 Temple: D:4-7

Altars:

Annotations:
D:4 Grujah's ghost, average HOFi


Innate Abilities, Weirdness & Mutations

You are small and have problems with some larger weapons.
You are carnivorous and can eat meat at any time.


Message History

You barely miss Grujah's ghost.
Grujah's ghost is almost destroyed.
Grujah's ghost screams, "What do you have that I didn't have?"
Read which item? (? for menu, Esc to quit)
Okay, then.
Evoke which item? (* to show all) (? for menu, Esc to quit)
Zapping:
b - a wand of frost (1)
Press: ? - help, Shift-Dir - straight line, f/p - Grujah's ghost
Aim: Grujah's ghost (almost destroyed)
The puff of frost hits Grujah's ghost.
Grujah's ghost is almost destroyed.
This wand has 0 charges left.
Grujah's ghost closely misses you.
Some of the chunks of flesh in your inventory have rotted away.
Read which item? (? for menu, Esc to quit)
As you read the scroll labeled HICUTIPN NOTT, it crumbles to dust.
It is a scroll of identify.
Identify which item? (\ to view known items) (? for menu, Esc to quit)
q - a scroll of fog Grujah's ghost closely misses you.
You hit Grujah's ghost.
Grujah's ghost is almost destroyed.
You hit Grujah's ghost but do no damage.
Grujah's ghost is almost destroyed.
You hit Grujah's ghost.
Grujah's ghost is almost destroyed.
Grujah's ghost whispers, "Soon you will have time, lots of time..."
Grujah's ghost barely misses you.
You barely miss Grujah's ghost.
Grujah's ghost is almost destroyed.
You hit Grujah's ghost but do no damage.
Grujah's ghost is almost destroyed.
Grujah's ghost completely misses you.
You hit Grujah's ghost but do no damage.
Grujah's ghost is almost destroyed.
You hit Grujah's ghost but do no damage.
Grujah's ghost is almost destroyed.
You barely miss Grujah's ghost.
Grujah's ghost is almost destroyed.
Grujah's ghost hits you!
You die...

# # #..<..#####...##
##...##............†..
#....)#.......#.#...##
#.....#.....###.....#
#.....#.##...##..#.##
#.......####.#...#####
#.....### #.#........
#.....######.#.#######
#....@#...##.#.#
###...W....##.#.#
#.(........##...####
#)...>.............#
#..................#
#..................#
#........###########
## #........### ####.
#........>.### #....


You could see Grujah's ghost.

Table legend:
 A = Kills in this place as a percentage of kills in entire the game.
 B = Kills by you in this place as a percentage of kills by you in the entire game.
 C = Kills by friends in this place as a percentage of kills by friends in the entire game.
 D = Other kills in this place as a percentage of other kills in the entire game.
 E = Experience gained in this place as a percentage of experience gained in the entire game.
 F = Experience gained in this place divided by the number of levels of this place that you have seen.
                   A       B       C       D       E      F
               +-------+-------+-------+-------+-------+----------------------
         Total | 100.0 | 100.0 | 100.0 | 100.0 | 100.0 | 266.8
       Dungeon | 100.0 | 100.0 | 100.0 | 100.0 | 100.0 | 266.8
               +-------+-------+-------+-------+-------+----------------------

Vanquished Creatures
  A two-headed ogre (D:3)
  Prince Ribbit (D:4)
  A giant frog (D:3)
  A crimson imp (D:3)
  An iguana (D:4)
  Natasha (thrice) (D:3)
  Terence (D:3)
  Robin (D:3)
  A gnoll (D:3)
  7 adders
  A shadow imp (D:3)
  3 worms (D:2)
  An adder skeleton (D:4)
  3 giant geckos
  An ooze (D:1)
  3 orcs (D:3)
  2 ball pythons
  12 bats
  4 giant cockroaches
  15 goblins
  7 hobgoblins
  6 kobolds
  A quokka (D:3)
  4 giant newts
  7 jackals
  2 rats (D:2)
90 creatures vanquished.

Vanquished Creatures (collateral kills)
  2 gnolls (D:3)
2 creatures vanquished.

Vanquished Creatures (others)
  A kobold (D:3)
  A rat (D:3)
2 creatures vanquished.

Grand Total: 94 creatures vanquished

Action                   |  1- 3 |  4- 6 |  7- 9 || total
-------------------------+-------+-------+-------++-------
Melee: Short sword       |   106 |   122 |   136 ||   364
       Unarmed           |       |       |    10 ||    10
       Dagger            |       |       |    21 ||    21
Evoke: Wand              |     4 |    28 |    26 ||    58
  Use: Scroll            |       |     1 |     2 ||     3
 Stab: Sleeping          |     1 |     2 |       ||     3
       Distracted        |       |       |     1 ||     1
  Eat: Chunk             |    10 |     6 |     4 ||    20

Vault maps used:
D:1:      dpeg_arrival_central, serial_bayou_pond_d
D:2:      corner_web_ring
D:3:      first_bread, uniq_crazy_yiuf_cottage, uniq_sigmund, uniq_natasha,
          uniq_terence, uniq_robin
D:4:      uniq_grinder, uniq_prince_ribbit1
